[Event "*** SCC Grand Prix: Titled Tuesday Blitz"]
[Site "Chess.com"]
[Date "2020.08.25"]
[Round "5"]
[White "Koksik_13"]
[Black "Orest_Vovk"]
[Result "1-0"]
[WhiteElo "2674"]
[BlackElo "2386"]
[TimeControl "180+1"]
[EndTime "10:57:44 PDT"]
[Termination "Koksik_13 won on time"]

1. d4 Nc6 2. Nc3 e5 3. dxe5 Nxe5 4. Nf3 d6 5. e4 Be6 6. Be2 Nf6 7. Nd4 Bc4 8. f4 Bxe2 9. Qxe2 Nc6 10. Nxc6 bxc6 11. e5 dxe5 12. fxe5 Nd5 13. Ne4 Bb4+ 14. c3 Be7 15.
O-O O-O 16. Rd1 Qc8 17. c4 Nb6 18. Bg5 Bxg5 19. Nxg5 Qf5 20. Nf3 Rad8 21. b3 h6 22.
Qe3 Rfe8 23. h3 Qc2 24. Rd4 Qb2 25. Rad1 Rxd4 26. Nxd4 Qxa2 27. Nf5 Qb2 28. Re1 Nd7 29. Qg3 g6 30. e6 Rxe6 31. Rxe6 fxe6 32. Qxg6+ Kf8 33.
Qxe6 Qc1+ 34. Kf2 Qf4+ 35. Ke2 Qe5+ 36. Qxe5 Nxe5 37. Nxh6 Nd7 38. Nf5 Nc5 39. Nd4 Kf7 40. Ke3 a5 41. g4 a4 42. bxa4 Nxa4 43. Nxc6 Nb6 44. Kd4 Kf6 45. h4 Nd7 46. g5+ Kf5 47. Ne7+ Kg4 48. g6 Nf8 49. Ke5 Nd7+ 50. Ke6 1-0

[Event "*** SCC Grand Prix: Titled Tuesday Blitz"]
[Site "Chess.com"]
[Date "2020.08.25"]
[Round "5"]
[White "1f3_2g41-0"]
[Black "chessfrendz"]
[Result "1-0"]
[WhiteElo "2438"]
[BlackElo "2232"]
[TimeControl "180+1"]
[EndTime "10:57:44 PDT"]
[Termination "1f3_2g41-0 won by resignation"]

1. e4 e5 2. Nf3 Nc6 3. Bb5 a6 4. Ba4 Nf6 5. O-O Be7 6. c3 b5 7.
Bb3 d6 8. d4 O-O 9. h3 Bb7 10.
Re1 h6 11. Nbd2 Re8 12. Nf1 Bf8 13. Ng3 Na5 14. Bc2 g6 15. b3 Nc6 16. Be3 Nb8 17. dxe5 dxe5 18. Qxd8 Rxd8 19. Nxe5 Re8 20. Ng4 Nxg4 21.
hxg4 Nd7 22. f3 Bg7 23. Bd4 Ne5 24. Rad1 Rac8 25. Be3 Nc6 26. Ne2 b4 27. c4 Rcd8 28.
Rxd8 Rxd8 29. Rd1 Rxd1+ 30. Bxd1 a5 31. Kf2 Bc8 32. Nf4 Be6 33. Nd5 Bxd5 34. exd5 Nb8 35. Be2 Nd7 36. Bf4 Bd4+ 37. Ke1 Bc3+ 38. Kd1 Be5 39. Be3 g5 40. Kd2 Kg7 41. Kd3 Nf6 42. Bf2 Bd6 43. Bd4 Kg6 44. c5 Bg3 45. Bxf6 Kxf6 46.
Ke4 Ke7 47. Bc4 Bf2 48. d6+ cxd6 49. cxd6+ Kxd6 50. Bxf7 Bg3 51. Kf5 Be5 52. Kg6 Ke7 53.
Bc4 Bf4 54. Kxh6 Be3 55. Kg6 Bf4 56. Kf5 Be3 57. g3 Bf4 58. gxf4 gxf4 59. Kxf4 1-0

[Event "*** SCC Grand Prix: Titled Tuesday Blitz"]
[Site "Chess.com"]
[Date "2020.08.25"]
[Round "5"]
[White "pastouche06"]
[Black "Fighter008"]
[Result "0-1"]
[WhiteElo "2509"]
[BlackElo "2678"]
[TimeControl "180+1"]
[EndTime "10:57:45 PDT"]
[Termination "Fighter008 won on time"]

1. d4 Nf6 2. c4 g6 3. f3 Bg7 4. e4 d6 5. Ne2 O-O 6. Be3 e5 7. Qd2 c6 8. d5 cxd5 9. cxd5 a6 10. Ng3 h5 11. Bd3 h4 12. Ne2 Nbd7 13.
O-O Nh5 14. Nbc3 b5 15. a3 f5 16. exf5 gxf5 17. Bg5 Bf6 18. Bh6 Bg7 19. Bg5 Qb6+ 20.
Kh1 h3 21. gxh3 Nc5 22. Bc2 b4 23. axb4 Qxb4 24. Bh6 Qh4 25. Bxg7 Nxg7 26. Rg1 Ra7 27. b4 Qxb4 28. Qh6 e4 29. Rab1 Qc4 30.
Rg3 Nd3 31. Bxd3 exd3 32. Rbg1 Rff7 33. Nf4 Qxc3 34. Nh5 d2 35. Qxd6 Rad7 36. Qh6 f4 37.
R3g2 Qxf3 38. Nf6+ Rxf6 39. Qxf6 d1=Q 40. Qe6+ Kf8 41.
Qf6+ Ke8 42. Qg6+ Rf7 43. Rxd1 Qxd1+ 44. Rg1 Qxd5+ 45. Rg2 Qd1+ 46. Rg1 Bb7+ 0-1

[Event "*** SCC Grand Prix: Titled Tuesday Blitz"]
[Site "Chess.com"]
[Date "2020.08.25"]
[Round "5"]
[White "Chamal_Gedgafov"]
[Black "carlsen1001"]
[Result "0-1"]
[WhiteElo "2108"]
[BlackElo "2395"]
[TimeControl "180+1"]
[EndTime "10:57:45 PDT"]
[Termination "carlsen1001 won by resignation"]

1. d4 Nf6 2. c4 e6 3. Nc3 Bb4 4. e3 d5 5. Ne2 O-O 6. a3 Bxc3+ 7.
Nxc3 c5 8. cxd5 exd5 9. Be2 Nc6 10. O-O Bf5 11. dxc5 Rc8 12. b4 Ne5 13. Bb2 Nc4 14. Bxc4 dxc4 15. f3 Bd3 16. Rf2 Re8 17. e4 b6 18. Na4 Nd7 19. cxb6 axb6 20. Bc3 b5 21. Nb2 Nb6 22. Rd2 Na4 23. Nxa4 bxa4 24. Qxa4 Qg5 25.
Qd1 Qe3+ 26. Kh1 h5 27. Qe1 Qf4 28. Qf2 Ra8 29. g3 Qd6 30. Qd4 Qg6 31. a4 Red8 32. Qf2 Qe6 33. a5 Qc6 34. Qe3 f5 35. Qg5 Rd7 36.
Qxf5 Rf8 37. Qxh5 Rxf3 38. Re1 Rdf7 39. Qd5 Rf1+ 40. Rxf1 Bxe4+ 41. Qxe4 Qxe4+ 42. Kg1 Qe3+ 43. Rdf2 Rxf2 44. Rxf2 Qxc3 45. a6 Qa1+ 46. Kg2 Qxa6 47. Rc2 Qc6+ 48. Kh3 Qb5 0-1

[Event "*** SCC Grand Prix: Titled Tuesday Blitz"]
[Site "Chess.com"]
[Date "2020.08.25"]
[Round "5"]
[White "Schandenfreude"]
[Black "ZverevLev"]
[Result "1-0"]
[WhiteElo "2502"]
[BlackElo "2352"]
[TimeControl "180+1"]
[EndTime "10:57:46 PDT"]
[Termination "Schandenfreude won by resignation"]

1. d4 Nf6 2. Nf3 e6 3. Bf4 d5 4. e3 Bd6 5. Bg3 c5 6. c3 Qc7 7.
Nbd2 Nbd7 8. Bd3 O-O 9. O-O Bxg3 10. hxg3 e5 11. dxe5 Nxe5 12. Nxe5 Qxe5 13. Re1 h6 14.
Be2 Be6 15. Bf3 Rad8 16. Qa4 a6 17. Rad1 Bd7 18. Qf4 Qe7 19. e4 dxe4 20. Nxe4 Nxe4 21. Bxe4 Qg5 22. Qxg5 hxg5 23. Bxb7 Bg4 24. Bf3 Bxf3 25. gxf3 Rb8 26. Rd2 f6 27. Re6 a5 28. Ra6 Ra8 29.
Rxa8 Rxa8 30. Kf1 Rb8 31. Ke1 Kf7 32. Kd1 Ke6 33. Kc2 g6 34. b3 f5 35. c4 Ra8 36.
Kc3 Rb8 37. a3 Rh8 38. b4 axb4+ 39. axb4 cxb4+ 40. Kxb4 Rb8+ 41. Kc3 Ra8 42. c5 Ra3+ 43. Kb4 Ra8 44. c6 Ra1 45. Kc5 Rb1 46. c7 Ke7 47.
Kc6 Rc1+ 48. Kb7 Rb1+ 49. Kc8 Rc1 50. Rd7+ Ke8 51. Rg7 1-0

[Event "*** SCC Grand Prix: Titled Tuesday Blitz"]
[Site "Chess.com"]
[Date "2020.08.25"]
[Round "5"]
[White "alexrustemov"]
[Black "Annagozel"]
[Result "1-0"]
[WhiteElo "2632"]
[BlackElo "1854"]
[TimeControl "180+1"]
[EndTime "10:57:46 PDT"]
[Termination "alexrustemov won on time"]

1. d4 d5 2. c4 e6 3. Nc3 Nf6 4.
cxd5 exd5 5. Bg5 Be7 6. e3 O-O 7. Bd3 b6 8. Bxf6 Bxf6 9. Qh5 g6 10. Qxd5 c6 11. Qxd8 Rxd8 12. Nf3 Bb7 13. Rd1 Na6 14. O-O Nb4 15. Be4 Nd5 16. Nxd5 cxd5 17. Bd3 Rac8 18. Rc1 Be7 19. Rfd1 f6 20. Kf1 Kf7 21. Ke2 Ke6 22. g4 Kd6 23. h3 Rd7 24. Rxc8 Bxc8 25. Rg1 Rc7 26. h4 Be6 27. h5 Bf7 28. hxg6 hxg6 29.
g5 f5 30. Ne5 Be8 31. f4 Ke6 32. Rh1 Bd6 33. Rh8 Re7 34. Rh6 Bxe5 35. dxe5 Kf7 36. Rh7+ Kf8 37. Rh8+ Kg7 38. Rh1 Rc7 39. Kd2 Rc5 40.
b4 Rc7 41. a3 a5 42. bxa5 bxa5 43. Rb1 Kf7 44. Rb6 Rc6 45. Rxc6 Bxc6 46. Kc3 Ba4 47. Kd4 Ke6 48. Kc5 Bb3 49. Bb5 a4 50. Be8 1-0

[Event "*** SCC Grand Prix: Titled Tuesday Blitz"]
[Site "Chess.com"]
[Date "2020.08.25"]
[Round "5"]
[White "nitpicker"]
[Black "Nemsko"]
[Result "1-0"]
[WhiteElo "2223"]
[BlackElo "2355"]
[TimeControl "180+1"]
[EndTime "10:57:46 PDT"]
[Termination "nitpicker won by checkmate"]

1. d4 Nf6 2. c4 e6 3. g3 d5 4. Nf3 Bb4+ 5. Bd2 Be7 6. Qc2 O-O 7. Bg2 c6 8. O-O b6 9. Bf4 Ba6 10. Nbd2 Nbd7 11. Rfd1 Nh5 12. Rac1 Nxf4 13. gxf4 Bd6 14. e3 f6 15. f5 Qe7 16. cxd5 cxd5 17. Nh4 Bb7 18. Qb3 Kh8 19. e4 dxe4 20. fxe6 f5 21. Qh3 Qxe6 22. Re1 Qf7 23. Nc4 Bf4 24. Ne3 g6 25. Bf1 Rac8 26. Bc4 Qf6 27. Kh1 Bg5 28. Nhg2 h5 29. b3 Kg7 30. Rcd1 f4 31. Qxd7+ Kh6 32.
Qh3 fxe3 33. Nxe3 Qxf2 34. Ng4+ Kg7 35. Nxf2 e3+ 36. d5 exf2 37. Rf1 Rf7 38. Qg3 Bh6 39. Qe5+ Kh7 40. Bd3 Rcf8 41. Qxh5 Rf6 42. Rxf2 Kg7 43. Qg4 Bxd5+ 44. Kg1 Be3 45. Rf1 Bxf2+ 46. Rxf2 Rxf2 47. Qxg6+ Kh8 48. Qh7# 1-0

[Event "*** SCC Grand Prix: Titled Tuesday Blitz"]
[Site "Chess.com"]
[Date "2020.08.25"]
[Round "5"]
[White "RaunakSadhwani2005"]
[Black "QuintilianoR"]
[Result "1-0"]
[WhiteElo "2856"]
[BlackElo "2614"]
[TimeControl "180+1"]
[EndTime "10:57:47 PDT"]
[Termination "RaunakSadhwani2005 won on time"]

1. e4 e5 2. d4 exd4 3. Qxd4 Nc6 4.
Qc4 Nf6 5. Nc3 Be7 6. Bg5 h6 7. Bh4 O-O 8. O-O-O d6 9. f4 Be6 10. Qe2 a6 11. Nf3 Re8 12. e5 Nd7 13. Bxe7 Qxe7 14. exd6 cxd6 15. Qd2 Rad8 16. Bd3 Nc5 17. Rhe1 Qf6 18.
Kb1 d5 19. f5 d4 20. fxe6 dxc3 21. exf7+ Qxf7 22. Qxc3 Nxd3 23. Rxe8+ Rxe8 24. Qxd3 Qf4 25. Qb3+ Kh7 26. Qxb7 Ne5 27. Nxe5 Qxe5 28. Qxa6 Qxh2 29. Qd3+ Kh8 30. Qb5 Rf8 31. Qc6 Rb8 32. b3 Qh5 33. Qd5 Qg6 34. Qd6 Qe8 35. Qd4 Rc8 36. Rd3 Qc6 37.
Rd2 Qg6 38. Kb2 Qg5 39. a4 Rf8 40. Qc3 Qg6 41. a5 Qa6 42. Qb4 Ra8 43. Rd5 Qf6+ 44. Qc3 Qe6 45. Qd4 Kh7 46. Qd3+ 1-0

[Event "*** SCC Grand Prix: Titled Tuesday Blitz"]
[Site "Chess.com"]
[Date "2020.08.25"]
[Round "5"]
[White "attack2mateU"]
[Black "swimmerchess"]
[Result "0-1"]
[WhiteElo "2702"]
[BlackElo "2833"]
[TimeControl "180+1"]
[EndTime "10:57:48 PDT"]
[Termination "swimmerchess won by resignation"]

1. e4 c5 2. Nf3 Nc6 3. d4 cxd4 4.
Nxd4 Nf6 5. Nc3 d6 6. Bg5 e6 7. Qd2 a6 8. O-O-O Bd7 9. f3 h6 10. Be3 b5 11. Nxc6 Bxc6 12. Ne2 Bb7 13. Nd4 Rc8 14. Kb1 Be7 15. Rg1 Nd7 16. g4 Ne5 17. b3 g5 18. h4 Rg8 19. Be2 Ng6 20. hxg5 hxg5 21. Rh1 Bf6 22. Qb4 Kf8 23. a4 Be7 24.
axb5 d5 25. Qd2 axb5 26. Nxb5 dxe4 27. Qc1 Qa5 28. Bxg5 Bxg5 29. Qxg5 exf3 30. Bc4 Ra8 31. Kc1 Be4 32. Rh7 Qa1+ 33. Kd2 Qb2 34. Rxf7+ Kxf7 35. Nd6+ Kg7 36. Nxe4 Qd4+ 37. Bd3 Rad8 38. Rh1 Qxe4 39.
Rh6 Rd4 40. Kc3 Rc8+ 41. Kb2 Rxd3 42. cxd3 Qe2+ 43. Ka3 Ra8+ 44. Kb4 Qe1+ 45. Kc5 Ra5+ 46. Kb6 Rxg5 0-1

[Event "*** SCC Grand Prix: Titled Tuesday Blitz"]
[Site "Chess.com"]
[Date "2020.08.25"]
[Round "5"]
[White "shnitez"]
[Black "esrosenberg"]
[Result "1-0"]
[WhiteElo "2457"]
[BlackElo "2184"]
[TimeControl "180+1"]
[EndTime "10:57:49 PDT"]
[Termination "shnitez won by checkmate"]

1. d4 Nf6 2. c4 e6 3. f3 Bb4+ 4. Nc3 d5 5. cxd5 Nxd5 6. Bd2 Qh4+ 7. g3 Qxd4 8. Rc1 Bxc3 9. bxc3 Qc5 10. c4 Ne3 11. Qa4+ Bd7 12. Qb3 Nxf1 13. Kxf1 Bc6 14. Nh3 Na6 15. Nf4 Rd8 16. Bc3 O-O 17. h4 Qe3 18.
Qb2 Bxf3 19. exf3 Qxf3+ 20. Kg1 Qxg3+ 21. Ng2 Nc5 22. Be5 Qg4 23. Rf1 Nd3 24. Qc3 f6 25.
Bxc7 Rd7 26. Bf4 Nxf4 27. Rxf4 Rd1+ 28. Kh2 Rxh1+ 29. Kxh1 Qd1+ 30. Kh2 e5 31. Rf3 Rd8 32. c5 h6 33. Rg3 Rd4 34. c6 bxc6 35. Qxc6 Qe2 36.
Qc8+ Kh7 37. Qf5+ Kh8 38. Qc8+ Kh7 39. Qf5+ Kh8 40. Qh3 Rd2 41. Qc8+ Kh7 42. Qf5+ Kh8 43. Qg6 Rd7 44. Qe8+ Kh7 45. Qxd7 Qe4 46. Qxg7# 1-0

[Event "*** SCC Grand Prix: Titled Tuesday Blitz"]
[Site "Chess.com"]
[Date "2020.08.25"]
[Round "5"]
[White "Ausbildung"]
[Black "denispopov"]
[Result "0-1"]
[WhiteElo "2249"]
[BlackElo "1902"]
[TimeControl "180+1"]
[EndTime "10:57:49 PDT"]
[Termination "denispopov won by resignation"]

1. e4 c5 2. c4 Nc6 3. Nc3 g6 4. d3 Bg7 5. Nge2 e6 6. g3 Nge7 7. Bg2 O-O 8. h4 d5 9. cxd5 exd5 10. exd5 Nb4 11. Qb3 Nxd3+ 12. Kf1 Nf5 13. Bg5 f6 14. Bd2 Kh8 15. a3 Re8 16. Nf4 Nd4 17. Qa2 b5 18.
Nxd3 c4 19. Nf4 Nb3 20. Rd1 Bg4 21. Qb1 Bxd1 22. Qxd1 Qe7 23. Bf3 Rad8 24. Be3 a5 25.
Kg2 b4 26. axb4 axb4 27. Ne4 Qe5 28. Qc1 Nxc1 29. Bxc1 Rxd5 30. h5 g5 31. Nxd5 Qxd5 32.
h6 Rxe4 33. hxg7+ Kxg7 34. Re1 Rxe1 35. Bxd5 Rxc1 36. Kf3 c3 37. bxc3 Rxc3+ 38. Ke2 b3 39. Kd2 Rc5 40. Be4 b2 41. g4 h6 42. f3 Kf7 43. Bb1 Ke7 44. Ba2 Kd6 45. Kd3 Rc1 46. Ke4 b1=Q+ 47. Bxb1 Rxb1 48. Kf5 Rb3 49. Kg6 Rxf3 50.
Kxh6 Ke5 51. Kg6 Rg3 0-1

[Event "*** SCC Grand Prix: Titled Tuesday Blitz"]
[Site "Chess.com"]
[Date "2020.08.25"]
[Round "5"]
[White "TigrVShlyape"]
[Black "thedjoker98"]
[Result "1-0"]
[WhiteElo "2844"]
[BlackElo "2573"]
[TimeControl "180+1"]
[EndTime "10:57:50 PDT"]
[Termination "TigrVShlyape won by resignation"]

1. e4 e5 2. Nf3 Nc6 3. Bb5 g6 4. O-O Bg7 5. Re1 Nf6 6. c3 d6 7.
d4 Bd7 8. Bg5 h6 9. Bh4 O-O 10.
dxe5 Nxe5 11. Bxd7 Qxd7 12. Nxe5 dxe5 13. Qxd7 Nxd7 14.
Rd1 Nb6 15. Na3 c6 16. f3 g5 17. Bf2 Rfd8 18. Nc2 Bf8 19. b3 Be7 20. Kf1 Rxd1+ 21. Rxd1 Rd8 22. Rxd8+ Bxd8 23. Ne3 h5 24. Nf5 Nc8 25. a4 f6 26. h4 Kf7 27. g3 b6 28.
Kg2 Bc7 29. Kh3 Ne7 30. Nxe7 Kxe7 31. Be3 gxh4 32. Kxh4 Kf7 33. Kxh5 a6 34. f4 b5 35. f5 bxa4 36. bxa4 Ba5 37. c4 Be1 38. g4 Bc3 39. g5 fxg5 40. Kxg5 Ba5 41. Bc5 Bd8+ 42. Kg4 Bf6 43. Bd6 Bg7 44. Kg5 Bf6+ 45. Kh5 Bg7 46. Bc7 Bf6 47. Kh6 Bg7+ 48. Kg5 Bf6+ 49. Kh5 Bg7 50. Bd8 Bh8 51. Kh6 Bg7+ 52. Kg5 Bf8 53. f6 Bd6 54. Kf5 Bb8 55. Ba5 Bd6 56. Bc3 1-0

[Event "*** SCC Grand Prix: Titled Tuesday Blitz"]
[Site "Chess.com"]
[Date "2020.08.25"]
[Round "5"]
[White "suyu28"]
[Black "maximnovik"]
[Result "1-0"]
[WhiteElo "2638"]
[BlackElo "2469"]
[TimeControl "180+1"]
[EndTime "10:57:50 PDT"]
[Termination "suyu28 won on time"]

1. d4 Nf6 2. c4 g6 3. g3 Bg7 4.
Bg2 O-O 5. Nc3 d6 6. Nf3 Nbd7 7. O-O e5 8. e4 c6 9. h3 exd4 10. Nxd4 Qb6 11. Re1 Ng4 12. Nce2 Nge5 13. b3 Nc5 14.
Be3 a5 15. f4 Ned7 16. Qd2 Re8 17. Nc3 a4 18. Rab1 axb3 19. axb3 Qb4 20. e5 dxe5 21.
Nc2 Qb6 22. b4 exf4 23. gxf4 Rxe3 24. Nxe3 Ne6 25. c5 Qc7 26. f5 Nf4 27. Nc4 Nxg2 28.
Kxg2 Nf6 29. Nd6 Bd7 30. Nce4 Nd5 31. Ng5 Rf8 32. fxg6 fxg6 33. Rf1 Bf5 34. Rbe1 Qd7 35. Nxf5 Rxf5 36. Rxf5 Qxf5 37. Re8+ Bf8 38. Ne6 Qe4+ 39. Kg1 1-0

[Event "*** SCC Grand Prix: Titled Tuesday Blitz"]
[Site "Chess.com"]
[Date "2020.08.25"]
[Round "5"]
[White "mattcolins2025"]
[Black "Evgeny81"]
[Result "1-0"]
[WhiteElo "2479"]
[BlackElo "2683"]
[TimeControl "180+1"]
[EndTime "10:57:51 PDT"]
[Termination "mattcolins2025 won on time"]

1. d4 Nf6 2. c4 e5 3. dxe5 Ne4 4. Nd2 Nc5 5. Ngf3 Nc6 6. g3 d6 7. exd6 Bxd6 8. Bg2 Be6 9. O-O Qd7 10. Nb3 Nxb3 11.
axb3 O-O 12. Be3 Rad8 13. Qc1 Bh3 14. Rd1 Bxg2 15. Kxg2 Qf5 16. Rd5 Qe6 17. Rd1 h6 18.
Kg1 a6 19. Rd5 Ne7 20. Rd1 Nf5 21. Nd4 Nxd4 22. Rxd4 Be5 23. Rxd8 Rxd8 24. Qc2 Qf6 25. Rd1 Rxd1+ 26. Qxd1 Bxb2 27. Qd5 b6 28. Qb7 Qd6 29.
Qc8+ Kh7 30. Qf5+ Kg8 31. Qc8+ Kh7 32. Qf5+ Qg6 33. Qxg6+ Kxg6 34. Bf4 c6 35. Bc7 b5 36. cxb5 cxb5 37. e4 Kf6 38. f4 Bc3 39. Kf2 a5 40.
Ke3 a4 41. bxa4 bxa4 42. Kd3 Be1 43. g4 Ke6 44. Kc2 g6 45. h3 Bb4 46. Be5 f5 47.
exf5+ gxf5 48. Bg7 Bd6 49. Bxh6 1-0

[Event "*** SCC Grand Prix: Titled Tuesday Blitz"]
[Site "Chess.com"]
[Date "2020.08.25"]
[Round "5"]
[White "dopolian"]
[Black "crackcubano"]
[Result "0-1"]
[WhiteElo "2475"]
[BlackElo "2649"]
[TimeControl "180+1"]
[EndTime "10:57:51 PDT"]
[Termination "crackcubano won by resignation"]

1. Nf3 c5 2. c4 Nc6 3. Nc3 g6 4. g3 Bg7 5. Bg2 d6 6. O-O e6 7. e3 Nge7 8. d4 O-O 9. b3 b6 10. Bb2 Bb7 11. dxc5 dxc5 12. Qxd8 Raxd8 13. Rad1 Nb4 14. a3 Nd3 15. Ba1 Nf5 16. Rd2 Bxf3 17. Bxf3 Ne5 18. Rxd8 Nxf3+ 19. Kg2 N3h4+ 20. gxh4 Rxd8 21. h5 Rd3 22.
Rc1 gxh5 23. Kf3 Nd4+ 24. Ke4 Nxb3 25. Rb1 Nd2+ 26. Kxd3 Nxb1 27. Nxb1 Bxa1 28. Nd2 f5 29. Nf3 Bf6 30. e4 Kf7 31. h3 Kg6 32. a4 h4 33.
Ke3 Bg5+ 34. Kd3 Kf6 35. Ne1 Ke5 36. Nf3+ Kf4 37. Nd2 Bf6 38. exf5 exf5 39. Ke2 h6 40. Nf1 Ke4 41. Ne3 Bg5 42. Nd5 Kd4 43. Nc7 Kxc4 44. Nb5 Kb4 45. Nxa7 Kxa4 46. Nc8 b5 47. Nd6 c4 48. Kd1 Kb3 49. Nb7 c3 50. Na5+ Kb2 51. Ke2 0-1

[Event "*** SCC Grand Prix: Titled Tuesday Blitz"]
[Site "Chess.com"]
[Date "2020.08.25"]
[Round "5"]
[White "Anton_Zhukov04"]
[Black "maxip32"]
[Result "0-1"]
[WhiteElo "2226"]
[BlackElo "2429"]
[TimeControl "180+1"]
[EndTime "10:57:51 PDT"]
[Termination "maxip32 won on time"]

1. d4 Nf6 2. c4 g6 3. Nc3 Bg7 4.
e4 d6 5. Be2 O-O 6. Be3 Na6 7.
g4 c5 8. d5 e6 9. g5 Ne8 10. Nf3 exd5 11. cxd5 Nec7 12. Nd2 Rb8 13. a4 Nb4 14. h4 b6 15. h5 Re8 16. hxg6 hxg6 17. Kf1 a6 18. Kg2 b5 19. axb5 axb5 20.
Bg4 Nd3 21. Be2 Nxb2 22. Qb3 b4 23. Na4 Nxa4 24. Rxa4 Bd7 25. Ra7 Nb5 26. Bxb5 Bxb5 27.
Qd1 Re7 28. Rxe7 Qxe7 29. f4 c4 30. e5 dxe5 31. Nf3 e4 32. Nd4 Bd7 33. Nc6 Bxc6 34. dxc6 Qc7 35. Qd5 c3 36. Qxe4 Rc8 37. Qxb4 Qxc6+ 38. Kg1 c2 39. Kh2 Qf3 40. Qd2 Qh5+ 41. Kg2 Qg4+ 42. Kf2 Bc3 43. Qxc2 Be1+ 44. Rxe1 Rxc2+ 0-1

[Event "*** SCC Grand Prix: Titled Tuesday Blitz"]
[Site "Chess.com"]
[Date "2020.08.25"]
[Round "5"]
[White "Shota_Azaladze"]
[Black "Noam_Vitenberg"]
[Result "0-1"]
[WhiteElo "2660"]
[BlackElo "2518"]
[TimeControl "180+1"]
[EndTime "10:57:52 PDT"]
[Termination "Noam_Vitenberg won by resignation"]

1. Nf3 d5 2. g3 g6 3. Bg2 Bg7 4. O-O c5 5. c4 d4 6. e3 Nc6 7. exd4 cxd4 8. d3 e5 9. Re1 Nge7 10. b4 Nxb4 11. Nxe5 O-O 12. Ba3 a5 13. Bxb4 axb4 14. Nd2 Re8 15. Qb3 Qa5 16. Nef3 Bf5 17. Ne4 Nc6 18. Nd6 Rxe1+ 19. Nxe1 Bc8 20. Nc2 Be5 21. Nxc8 Rxc8 22. Bxc6 bxc6 23. Qxb4 Qc7 24. a4 h5 25. Re1 h4 26. Kg2 c5 27. Qd2 Rb8 28. Qe2 Bf6 29.
Qf3 Kg7 30. Na3 Qa5 31. Re4 Qxa4 32. Nb5 Qa1 33. Rf4 Rb6 34. Qd5 Qd1 35. Nc7 Qe2 36.
Re4 h3+ 37. Kxh3 Qf1+ 38. Kg4 Qxf2 39. Ne8+ Kh7 40. Rf4 Qe2+ 41. Kh3 Qxe8 42. Qxc5 Qc6 43. Qf8 Qe6+ 44. Kg2 Rb2+ 45. Rf2 Qc6+ 46. Kg1 Rb1+ 47. Rf1 Rxf1+ 48. Kxf1 Qf3+ 49. Ke1 Bg5 50. Qa3 Be3 51. Qb2 Qh1+ 52. Ke2 Qg2+ 0-1

[Event "*** SCC Grand Prix: Titled Tuesday Blitz"]
[Site "Chess.com"]
[Date "2020.08.25"]
[Round "5"]
[White "Shushik"]
[Black "chesstatour"]
[Result "0-1"]
[WhiteElo "2251"]
[BlackElo "1913"]
[TimeControl "180+1"]
[EndTime "10:57:52 PDT"]
[Termination "chesstatour won on time"]

1. e4 c6 2. d4 d5 3. Nc3 dxe4 4. Nxe4 Nf6 5. Nxf6+ gxf6 6. Nf3 Bg4 7. c3 e6 8. Be2 Bd6 9. Bh6 Nd7 10. Qb3 Qc7 11.
O-O-O O-O-O 12. h3 Bh5 13. Kb1 Bf4 14. Bxf4 Qxf4 15.
Ka1 Rhg8 16. g4 Bg6 17. Rhe1 h5 18. Nd2 hxg4 19. Bxg4 Qxf2 20. Rf1 Qg3 21. Nc4 Bd3 22. Na5 Ba6 23. Bf3 Qc7 24. Nc4 Rg3 25. Bh1 Rxh3 26. Qb4 Nb6 27. Nxb6+ Qxb6 28. Qxb6 axb6 29. Rxf6 Rd7 30. Be4 Be2 31. Re1 Bh5 32. Bb1 Rh2 33. Rg1 Kc7 34. a3 Be2 35. Rg7 Bh5 36. Rh7 Rh1 37.
Ka2 Bf3 38. Rxh1 Bxh1 39. Rh6 Bd5+ 0-1

[Event "*** SCC Grand Prix: Titled Tuesday Blitz"]
[Site "Chess.com"]
[Date "2020.08.25"]
[Round "5"]
[White "Srisshhhtea"]
[Black "beto-betun"]
[Result "0-1"]
[WhiteElo "2283"]
[BlackElo "2113"]
[TimeControl "180+1"]
[EndTime "10:57:53 PDT"]
[Termination "beto-betun won by resignation"]

1. d4 Nf6 2. c4 g6 3. Nc3 Bg7 4.
e4 d6 5. Bd3 O-O 6. Nge2 e5 7.
O-O Nc6 8. d5 Ne7 9. Ng3 Nd7 10.
Kh1 f5 11. exf5 Nxf5 12. Bxf5 gxf5 13. f4 e4 14. Nh5 Rf7 15. Be3 Qf8 16. Qd2 Nf6 17.
Nxf6+ Bxf6 18. Bd4 Bxd4 19. Qxd4 Bd7 20. Rae1 Qg7 21.
Qd2 a6 22. Re3 Qh6 23. Rh3 Qf6 24. Ne2 Rg7 25. Ng3 Rg4 26. Nh5 Qg6 27. b3 Re8 28. Qb2 Rf8 29. Rf2 c6 30. a4 cxd5 31. cxd5 Qf7 32. Rd2 b5 33. Qa3 Qe7 34. a5 Be8 35.
Rf2 Bxh5 36. Rxh5 Rc8 37. b4 e3 38. Re2 Rxf4 39. h3 Rf1+ 40. Kh2 Qe5+ 41. g3 Rf2+ 42. Rxf2 exf2 43. Rg5+ Kh8 44. Qf3 Rc2 45. Rxf5 f1=Q+ 0-1

[Event "*** SCC Grand Prix: Titled Tuesday Blitz"]
[Site "Chess.com"]
[Date "2020.08.25"]
[Round "5"]
[White "monalize"]
[Black "Panterov"]
[Result "1-0"]
[WhiteElo "2282"]
[BlackElo "1988"]
[TimeControl "180+1"]
[EndTime "10:57:53 PDT"]
[Termination "monalize won by resignation"]

1. e4 e6 2. d4 d5 3. exd5 exd5 4. Bd3 Bd6 5. Qf3 Nf6 6. h3 O-O 7. Ne2 Re8 8. Bg5 Be7 9. Nbc3 c6 10. O-O Ne4 11.
Bxe7 Qxe7 12. Rfd1 Nd7 13. Nf4 Ndf6 14. Re1 Bd7 15.
Nh5 Qb4 16. Nxf6+ Nxf6 17. Red1 b5 18. a3 Qd6 19. Re1 a5 20. Qg3 Qxg3 21. fxg3 Rxe1+ 22. Rxe1 b4 23. Na4 bxa3 24. bxa3 Rb8 25. g4 h6 26. Kf2 Kf8 27. Kf3 Ne8 28. Nc5 Bc8 29.
Nb3 a4 30. Nc5 Rb2 31. Ra1 Nd6 32. Nxa4 Rb7 33. Nc5 Ra7 34. a4 Ra5 35. Rb1 Ke7 36.
Rb8 Bd7 37. Ke3 Ra7 38. Kd2 g6 39. Kc3 f5 40. gxf5 gxf5 41. Rh8 Ne4+ 42. Bxe4 dxe4 43. Rxh6 e3 44. Kd3 f4 45. Rh7+ Kd6 46. Rxd7+ Rxd7 47. Nxd7 Kxd7 48. h4 Ke6 49. a5 1-0

[Event "*** SCC Grand Prix: Titled Tuesday Blitz"]
[Site "Chess.com"]
[Date "2020.08.25"]
[Round "5"]
[White "LubovMarkelova"]
[Black "salimalamri2020"]
[Result "0-1"]
[WhiteElo "2212"]
[BlackElo "2044"]
[TimeControl "180+1"]
[EndTime "10:57:53 PDT"]
[Termination "salimalamri2020 won by resignation"]

1. d4 d6 2. e4 c6 3. g3 Qc7 4.
Bg2 Nf6 5. Ne2 Nbd7 6. O-O e5 7.
c3 Be7 8. f4 O-O 9. f5 Ne8 10.
Be3 f6 11. Nd2 a6 12. g4 b6 13. h4 Bb7 14. Ng3 c5 15. d5 b5 16. Nf3 c4 17.
g5 fxg5 18. hxg5 Kh8 19. g6 h6 20. Nh5 Ndf6 21. Nh2 Nxh5 22. Qxh5 Nf6 23. Qh3 Kg8 24. Ng4 Nxg4 25. Qxg4 a5 26. Qh5 Bf6 27. Bf3 b4 28. Kg2 Ba6 29. Rh1 Rab8 30. Kg3 bxc3 31. bxc3 Rb2 32.
Rh3 Rc2 33. Rah1 Rxc3 34. Bxh6 gxh6 35. Qxh6 Qg7 36. Qd2 Rd3 37. Qxa5 Qa7 38. Qe1 c3 39. Rh7 Qd4 40. Rd7 c2 41. Rhh7 Qc3 42. Qh1 Rxf3+ 43. Qxf3 Qxf3+ 44. Kxf3 c1=Q 45. g7 Qf1+ 46. Kg3 Qg1+ 47.
Kf3 Bxg7 48. Rdxg7+ 0-1

[Event "*** SCC Grand Prix: Titled Tuesday Blitz"]
[Site "Chess.com"]
[Date "2020.08.25"]
[Round "5"]
[White "VladaSviridova"]
[Black "lucachess49"]
[Result "0-1"]
[WhiteElo "2295"]
[BlackElo "2481"]
[TimeControl "180+1"]
[EndTime "10:57:55 PDT"]
[Termination "lucachess49 won by resignation"]

1. d4 Nf6 2. c4 e6 3. Nf3 a6 4.
g3 b5 5. cxb5 axb5 6. Bg2 Bb7 7.
O-O Be7 8. Bg5 O-O 9. Nbd2 h6 10.
Bxf6 Bxf6 11. e4 Nc6 12. e5 Be7 13. a3 d6 14. Qb3 dxe5 15. dxe5 Nd4 16. Nxd4 Bxg2 17.
Kxg2 Qxd4 18. Nf3 Qb6 19. Rfd1 c5 20. Rd7 c4 21. Qc2 Bc5 22. Rad1 Rad8 23. Rxd8 Rxd8 24.
Rxd8+ Qxd8 25. Qe4 Qd5 26. Qe2 g5 27. h3 Bb6 28. g4 Kg7 29. Kf1 Qc5 30. Kg2 Ba7 31.
Qd2 Bb6 32. Qc2 Bc7 33. Qc3 Bb6 34. Qd2 Qd5 35. Qe2 Kf8 36. Qe1 Qd3 37. Qc1 Ke7 38.
Qc3 Qe2 39. Qd2 Qxd2 40. Nxd2 Bd4 41. b3 c3 42. Nf3 c2 43. Nxd4 c1=Q 44. Nxb5 Qb2 45.
Nd6 Qxb3 46. Nc8+ Kf8 0-1

[Event "*** SCC Grand Prix: Titled Tuesday Blitz"]
[Site "Chess.com"]
[Date "2020.08.25"]
[Round "5"]
[White "Zhani-Z"]
[Black "Misticpikachu"]
[Result "0-1"]
[WhiteElo "2473"]
[BlackElo "2332"]
[TimeControl "180+1"]
[EndTime "10:57:56 PDT"]
[Termination "Misticpikachu won on time"]

1. e4 c5 2. Nf3 Nc6 3. Bb5 e6 4. Bxc6 bxc6 5. O-O Ne7 6. d3 Ng6 7. h4 Nxh4 8. Nxh4 Qxh4 9. e5 Be7 10. Nc3 O-O 11. f4 f6 12. Qe2 d5 13. Bd2 fxe5 14. fxe5 Bd7 15. b3 Rxf1+ 16. Rxf1 Rf8 17. Rxf8+ Bxf8 18. Na4 Qd4+ 19. Kh2 Qh4+ 20. Kg1 Qd4+ 21. Qf2 Qxe5 22.
Nxc5 Qa1+ 23. Kh2 Qe5+ 24. Kg1 Be8 25. d4 Qf5 26. Qe3 Bxc5 27. dxc5 e5 28. c3 Bg6 29.
Be1 h6 30. Bg3 Qb1+ 31. Kh2 Qxa2 32. Bxe5 Qc2 33. Qg3 Qf5 34. Bd4 Qh5+ 35. Kg1 Qd1+ 36. Kh2 Qh5+ 37. Kg1 Qf5 0-1